 Dungeon Crawl Stone Soup version 0.25.0 (webtiles) character file.

Game seed: 17317293844759705169

56 dorian the Shield-Bearer (level 3, -8/23 HPs)
             Began as a Gargoyle Fighter on June 12, 2020.
             Killed by divine providence
             ... invoked by an orc priest
              (11 damage)
             ... on level 3 of the Dungeon.
             The game lasted 00:02:26 (1963 turns).

dorian the Shield-Bearer (Gargoyle Fighter)         Turns: 1963, Time: 00:02:27

Health: -8/23      AC: 11    Str: 20    XL:     3   Next: 95%
Magic:  3/3        EV:  7    Int:  8    God:
Gold:   84         SH:  9    Dex:  9    Spells: 2/2 levels left

rFire    . . .     SeeInvis .   a - +0 war axe
rCold    . . .     Gourm    .   c - +0 kite shield
rNeg     + . .     Faith    .   b - +0 scale mail
rPois    ∞         Spirit   .   (no helmet)
rElec    +         Reflect  .   m - +0 cloak
rCorr    .         Harm     .   (no gloves)
MR       .....                  (no boots)
Stlth    ..........             (no amulet)
HPRegen  0.07/turn              (no ring)
MPRegen  0.08/turn              (no ring)

@: no status effects
A: negative energy resistance 1, electricity resistance, unbreathing,
petrification resistance, rot immunity, AC +3
a: no special abilities


You were on level 3 of the Dungeon.
You were not hungry.

You visited 1 branch of the dungeon, and saw 3 of its levels.

You collected 84 gold pieces.

Inventory:

Hand Weapons
 a - a +0 war axe (weapon)
 n - a +0 war axe
Armour
 b - a +0 scale mail (worn)
 c - a +0 kite shield (worn)
 m - a +0 cloak (worn)
Scrolls
 e - 5 scrolls of identify {unknown}
 g - 2 scrolls of enchant weapon {unknown}
 j - a scroll of immolation {unknown}
 k - a scroll of magic mapping {unknown}
 o - a scroll of enchant armour {unknown}
 p - a scroll of fear {unknown}
Potions
 d - a potion of might
 h - 3 potions of curing {unknown}
 i - a potion of lignification {unknown}
 l - a potion of resistance {unknown}
Comestibles
 f - 6 rations


   Skills:
 - Level 3.2 Fighting
 * Level 2.9 Axes
 + Level 3.8 Armour
 + Level 3.8 Shields


You had 2 spell levels left.
You didn't know any spells.
Your spell library was empty.

Dungeon Overview and Level Annotations

Branches:
Dungeon (3/15)

Altars:
Ashenzari

Annotations:
D:2 1 runed translucent door, Crazy Yiuf, Sigmund


Innate Abilities, Weirdness & Mutations

You are resistant to torment.
Your stone body is resilient. (AC +3)
You are immune to poison.
You resist negative energy. (rN+)
You are resistant to electric shocks. (rElec)
You can survive without breathing.
You are immune to petrification.
You are immune to rotting.


Message History

* * * LOW HITPOINT WARNING * * *
The orc hits you but does no damage. You block the orc priest's attack.
You barely miss the orc priest.
The orc priest is heavily wounded.
You hit the orc but do no damage. You block the orc's attack.
The orc priest hits you but does no damage.
You closely miss the orc priest.
The orc priest is heavily wounded.
You barely miss the orc.
The orc hits you with a +2 war axe of electrocution.
* * * LOW HITPOINT WARNING * * *
The orc priest hits you but does no damage.
The orc hits you but does no damage.
You closely miss the orc priest.
The orc priest is heavily wounded.
You barely miss the orc.
An orc wizard comes into view. It is wielding a +0 dagger.
The orc priest calls down the wrath of Beogh upon you.
Beogh smites you!
You die...

#. # #g# .# ..###.
#.#.. ...#.# #..#.#
#..#.# #o####o#.#
#..†o@...#
.######...#
..........#
.#######..# ..#..#
####.#.>#
.....#..########
###.............
........#############


You could see an orc priest, an orc wizard and an orc.

Vanquished Creatures
  2 dart slugs
  A ball python (D:3)
  5 bats
  9 giant cockroaches
  5 goblins
  4 hobgoblins (D:2)
  4 jackals (D:1)
  6 kobolds
  6 frilled lizards
  5 rats
47 creatures vanquished.

Notes
Turn   | Place    | Note
-------+----------+-------------------------------------------
     0 | D:1      | dorian the Gargoyle Fighter began the quest for the Orb.
     0 | D:1      | Reached XP level 1. HP: 14/14 MP: 1/1
   156 | D:1      | Found a shattered altar of Ashenzari.
   413 | D:1      | Reached XP level 2. HP: 19/19 MP: 2/2
  1029 | D:2      | Reached XP level 3. HP: 23/23 MP: 3/3
  1189 | D:2      | Noticed Sigmund
  1395 | D:2      | Found a runed translucent door.
  1396 | D:2      | Noticed Crazy Yiuf
  1963 | D:3      | Killed from afar by an orc priest

Illustrated notes

Levels and vault maps discovered:
D:1:      nagdon_arrival_zigzag_paths, layout_basic, minmay_misc_feat_enclosed,
          nicolae_ashenzari_panopticon
D:2:      cheibrodos_old_hovel, layout_basic, minmay_strange_pillars,
          grunt_ministairs_14, uniq_crazy_yiuf_cottage, uniq_sigmund
D:3:      layout_basic, old_standard_altar, nicolae_overflow_crystal_walls,
          first_ration, nicolae_ru_the_path_less_chosen

Skill      XL: |  1 |
---------------+----+-----
Axes           | 2 |  2.9
Fighting       | |  3.2
Armour         | |  3.8
Shields        | |  3.8

Action                   || total
-------------------------++-------
Melee: War axe           ||   177
  Eat: Chunk             ||     4
Armor: Scale mail        ||   102
Dodge: Dodged            ||    57
Block: Kite shield       ||   104
